 Dungeon Crawl Stone Soup version 0.25-a0-403-g49d089a364 (webtiles) character file.

Game seed: 4269956756244297133, levelgen mode: deterministic

214 ReteAZ the Covered (level 6, -2/48 HPs)
             Began as a Human Fighter on Jan 8, 2020.
             Killed by divine providence
             ... invoked by an orc priest
              (11 damage)
             ... on level 4 of the Dungeon on Jan 9, 2020.
             The game lasted 00:04:08 (3437 turns).

ReteAZ the Covered (Human Fighter)                  Turns: 3437, Time: 00:04:08

Health: -2/48      AC:  7    Str: 18    XL:     6   Next: 15%
Magic:  6/6        EV:  7    Int:  9    God:
Gold:   123        SH:  9    Dex: 12    Spells: 5/5 levels left

rFire    . . .     SeeInvis .   a - +0 long sword
rCold    . . .     Gourm    .   c - +0 shield
rNeg     . . .     Faith    .   b - +0 scale mail
rPois    .         Spirit   .   (no helmet)
rElec    .         Reflect  .   (no cloak)
rCorr    .         Harm     .   (no gloves)
MR       .....     Rnd*Tele +   (no boots)
Stlth    +.........             (no amulet)
HPRegen  0.16/turn              e - ring of stealth
MPRegen  0.10/turn              o - ring of teleportation (curse)

@: no status effects
A: no striking features
a: no special abilities


You were on level 4 of the Dungeon.
You were very hungry.

You visited 1 branch of the dungeon, and saw 4 of its levels.

You collected 123 gold pieces.

Inventory:

Hand Weapons
 a - a +0 long sword (weapon)
Armour
 b - a +0 scale mail (worn)
 c - a +0 shield (worn)
Jewellery
 e - a ring of stealth (left hand)
 o - a cursed ring of teleportation (right hand)
 t - an uncursed ring of magical power
Scrolls
 h - 7 scrolls of identify
 l - a scroll of blinking
 q - a scroll of amnesia {unknown}
 r - a scroll of random uselessness {unknown}
Potions
 d - 2 potions of might
 j - a potion of curing
 k - a potion of magic
 m - a potion of invisibility {unknown}
 p - 2 potions of lignification {unknown}
Comestibles
 f - 4 rations


   Skills:
 + Level 3.6 Fighting
 * Level 3.7 Long Blades
 + Level 4.0 Armour
 - Level 1.3 Dodging
 - Level 0.2 Stealth
 + Level 3.8 Shields


You had 5 spell levels left.
You didn't know any spells.
Your spell library contained the following spells:

 Spells                   Type           Power        Failure   Level  Hunger
 Animate Skeleton         Necr           N/A          99%         1    ##.....
 Pain                     Necr           #...         99%         1    ##.....
 Vampiric Draining        Necr           #.........   100%        3    ####...
 Animate Dead             Necr           N/A          100%        4    #####..
 Agony                    Necr           #.......     100%        5    ######.


Dungeon Overview and Level Annotations

Branches:
Dungeon (4/15)
 Temple: D:4-7

Altars:


Message History

The orc wizard hits you with a +0 dagger.
* * * LOW HITPOINT WARNING * * *
The orc priest looks braver for a moment.
The orc hits you but does no damage.
You closely miss the orc priest.
The orc priest is almost dead.
The orc wizard hits you with a +0 dagger.
* * * LOW HITPOINT WARNING * * *
The orc priest hits you but does no damage.
You block the orc's attack.
You closely miss the orc priest.
The orc priest is almost dead.
The orc wizard hits you with a +0 dagger.
* * * LOW HITPOINT WARNING * * *
The orc priest hits you.
* * * LOW HITPOINT WARNING * * *
You block the orc's attack. The orc wizard closely misses you.
The orc priest invokes the aid of Beogh against you.
Beogh smites you!
You die...

.######...................#
#...##..............#
#...#...............#
#...........#....#..
#..##...............o
#..##.)....>######...
#..#...)######### .
.......ooo........
###.#..#@########< ###..#.#
#..#.# #..#.# #..#.# #..#.#
#.( ###


You could see an orc priest, an orc wizard and an orc.

Vanquished Creatures
  A black bear (D:3)
  5 adders
  5 worms
  3 dart slugs
  A leopard gecko (D:1)
  2 orcs (D:4)
  4 bats
  2 giant cockroaches
  7 goblins
  3 hobgoblins
  2 jackals (D:1)
  9 kobolds
  A quokka (D:3)
  3 frilled lizards
  8 rats
56 creatures vanquished.

Notes
Turn   | Place    | Note
-------+----------+-------------------------------------------
     0 | D:1      | ReteAZ the Human Fighter began the quest for the Orb.
     0 | D:1      | Reached XP level 1. HP: 18/18 MP: 1/1
   130 | D:1      | Reached XP level 2. HP: 22/24 MP: 2/2
   433 | D:1      | Reached XP level 3. HP: 22/29 MP: 3/3
  1058 | D:2      | Reached XP level 4. HP: 24/35 MP: 4/4
  2286 | D:3      | Reached XP level 5. HP: 38/41 MP: 5/5
  2310 | D:3      | Found a faded altar of an unknown god.
  2776 | D:3      | Noticed a black bear
  2790 | D:3      | Killed a black bear
  2790 | D:3      | Reached skill level 4 in Armour
  2790 | D:3      | Reached skill level 1 in Dodging
  2790 | D:3      | Reached XP level 6. HP: 5/47 MP: 6/6
  3069 | D:3      | Upgraded the game from 0.25-a0-398-g1920f1ac21 to
                  | 0.25-a0-403-g49d089a364
  3437 | D:4      | Killed from afar by an orc priest

Levels and vault maps discovered:
D:1:      dpeg_arrival_ternary, layout_loops_ring
D:2:      layout_basic, minmay_liquid_box
D:3:      layout_rooms, chequers_ecumenical_altar_island,
          serial_co_window_serial, co_window_of_opportunity_a,
          co_window_paths_a, co_window_paths_a, co_window_corner_a,
          co_window_of_opportunity_a, co_window_2corner,
          co_window_unsneaky_path_a, co_window_of_opportunity_b,
          co_window_unsneaky_path_e, co_window_broadway_b, co_window_2corner,
          co_window_paths_c, co_window_4corner_a, co_window_paths_d,
          grunt_ministairs_2, palyth_stone_intersect, kennysheep_generic_room_3
D:4:      layout_basic, first_ration, minmay_misc_feat_square

Skill      XL: |  1  2  3  4  5 |
---------------+----------------+-----
Long Blades    | 3 |  3.7
Armour         | 4 |  4.0
Dodging        | 1 |  1.3
Fighting       | |  3.6
Stealth        | |  0.2
Shields        | |  3.8

Action                   |  1- 3 |  4- 6 || total
-------------------------+-------+-------++-------
Melee: Long sword        |   111 |   134 ||   245
  Use: Potion            |       |     2 ||     2
       Scroll            |       |     5 ||     5
  Eat: Chunk             |     1 |     3 ||     4
       Ration            |       |     1 ||     1
Armor: Scale mail        |    44 |    84 ||   128
Dodge: Dodged            |    25 |    51 ||    76
Block: Shield            |    65 |    88 ||   153
       Rpst.: Long sword |    10 |    18 ||    28

Table legend:
 A = Non-vault XP
 B = Vault XP
 C = Vault XP percentage of total XP
 D = Non-vault monster count
 E = Vault monster count
 F = Vault count percentage of total count
                 A         B        C        D         E       F
            +---------+---------+-------+---------+---------+-------
      Total |     285 |      22 |   7.2 |      52 |       4 |   7.1
            +---------+---------+-------+---------+---------+-------
        D:1 |      36 |       0 |   0.0 |      20 |       0 |   0.0
        D:2 |      93 |       0 |   0.0 |      21 |       0 |   0.0
        D:3 |     150 |      22 |  12.8 |       9 |       4 |  30.8
        D:4 |       6 |       0 |   0.0 |       2 |       0 |   0.0
            +---------+---------+-------+---------+---------+-------
